TOP OF THE 1ST |
Detroit (WIN) Tigers batting - Pitching for Minnesota (WIN) Twins : RHP Brad Harth
|
Pitching: RHP Brad Harth
|
|
Batting: LHB Bill Ford
|
0-0: Fly out, F9 (Flyball, 9, EV 93.1 MPH)
|
Batting: RHB Keith Hoffman
|
0-0: Foul Ball, location: 2F 0-1: Ball 1-1: Ball 2-1: Ball 3-1: Base on Balls
|
Batting: SHB Adam Weber
|
0-0: Swinging Strike 0-1: Foul Ball, location: 2F 0-2: Ball 1-2: Ball 2-2: Ball 3-2: Fielders Choice at 2nd, 4-6 (Groundball, 4D, EV 104.4 MPH)
|
Batting: RHB J.J. Basil
|
0-0: Ball 1-0: Called Strike Adam Weber is caught stealing 2nd base 2-4
|
Top of the 1st over - 0 runs, 0 hits, 0 errors, 0 left on base; Detroit (WIN) 0 - Minnesota (WIN) 0 |
BOTTOM OF THE 1ST |
Minnesota (WIN) Twins batting - Pitching for Detroit (WIN) Tigers : RHP Dale Gilbert
|
Pitching: RHP Dale Gilbert
|
|
Batting: RHB Jesse Scott
|
0-0: Ground out 6-3 (Groundball, 6M, EV 99.4 MPH)
|
Batting: RHB J.J. Powers
|
0-0: Called Strike 0-1: Ball 1-1: Ball 2-1: Ball 3-1: Base on Balls
|
Batting: RHB Miguel Diaz
|
0-0: Called Strike 0-1: Ball 1-1: Foul Ball, location: 2F 1-2: Ball 2-2: Strikes out swinging
|
Batting: SHB Dan Morataya
|
0-0: Called Strike 0-1: Ball 1-1: Fielders Choice at 2nd, 6-4 (Groundball, 6, EV 82.5 MPH)
|
Bottom of the 1st over - 0 runs, 0 hits, 0 errors, 1 left on base; Detroit (WIN) 0 - Minnesota (WIN) 0 |
TOP OF THE 2ND |
Detroit (WIN) Tigers batting - Pitching for Minnesota (WIN) Twins : RHP Brad Harth
|
Batting: RHB J.J. Basil
|
0-0: Ball 1-0: Foul Ball, location: 2F 1-1: Foul Ball, location: 2F 1-2: Foul Ball, location: 2F 1-2: Strikes out swinging
|
Batting: LHB Dave Carlisle
|
0-0: Called Strike 0-1: Fly out, F6 (Popup, 6, EV 63.8 MPH)
|
Batting: RHB Dan Becvar
|
0-0: Ball 1-0: Called Strike 1-1: Called Strike 1-2: Ball 2-2: Foul Ball, location: 2F 2-2: Foul Ball, location: 2F 2-2: Ball 3-2: Foul Ball, location: 2F 3-2: Strikes out looking
|
Top of the 2nd over - 0 runs, 0 hits, 0 errors, 0 left on base; Detroit (WIN) 0 - Minnesota (WIN) 0 |
BOTTOM OF THE 2ND |
Minnesota (WIN) Twins batting - Pitching for Detroit (WIN) Tigers : RHP Dale Gilbert
|
Batting: LHB Chaim Huting
|
0-0: Called Strike 0-1: Ball 1-1: Ball 2-1: Ball 3-1: Called Strike 3-2: SINGLE (Groundball, 56S, EV 63.1 MPH) (infield hit)
|
Batting: RHB Manuel Juarez
|
0-0: Called Strike 0-1: DOUBLE (Line Drive, 89D, EV 105.6 MPH) Chaim Huting to third Runner from 3rd tries for Home, SAFE, throw by RF to trailing runner, SAFE at third!
|
Batting: RHB Cyril Husson
|
0-0: Ball 1-0: Called Strike 1-1: Ball 2-1: Ground out 3-1 (Groundball, 34, EV 100.0 MPH) Manuel Juarez scores
|
Batting: LHB Israel Montoya
|
0-0: Foul Ball, location: 2F 0-1: Foul Ball, location: 2F 0-2: Ball 1-2: Strikes out swinging
|
Batting: RHB Jose Nunez
|
0-0: Ball 1-0: Called Strike 1-1: Foul Ball, location: 2F 1-2: Strikes out swinging
|
Bottom of the 2nd over - 2 runs, 2 hits, 0 errors, 0 left on base; Detroit (WIN) 0 - Minnesota (WIN) 2 |
TOP OF THE 3RD |
Detroit (WIN) Tigers batting - Pitching for Minnesota (WIN) Twins : RHP Brad Harth
|
Batting: RHB Tanner Purchase
|
0-0: Ball 1-0: Foul Ball, location: 2F 1-1: Foul Ball, location: 2F 1-2: Strikes out swinging
|
Batting: RHB Norm Wood
|
0-0: Swinging Strike 0-1: Ball 1-1: Swinging Strike 1-2: Strikes out looking
|
Batting: RHB Yasutaka Yamasaki
|
0-0: Ball 1-0: Ball 2-0: Ball 3-0: Base on Balls
|
Batting: LHB Bill Ford
|
0-0: Ball 1-0: Foul Ball, location: 2F 1-1: Foul Ball, location: 2F 1-2: Foul Ball, location: 2F 1-2: Ball 2-2: Strikes out swinging
|
Top of the 3rd over - 0 runs, 0 hits, 0 errors, 1 left on base; Detroit (WIN) 0 - Minnesota (WIN) 2 |
BOTTOM OF THE 3RD |
Minnesota (WIN) Twins batting - Pitching for Detroit (WIN) Tigers : RHP Dale Gilbert
|
Batting: RHB Jesse Scott
|
0-0: Called Strike 0-1: Ball 1-1: Foul Ball, location: 2F 1-2: SOLO HOME RUN (Flyball, 7D, EV 95.6 MPH), Distance : 382 ft
|
Batting: RHB J.J. Powers
|
0-0: Ball 1-0: Ball 2-0: Ball 3-0: Base on Balls
|
Batting: RHB Miguel Diaz
|
0-0: Ball 1-0: Ball J.J. Powers steals 2nd base (no throw) 2-0: SINGLE (Groundball, 34D, EV 95.0 MPH) J.J. Powers to third Runner from 3rd tries for Home, SAFE, throw by RF to home
|
Batting: SHB Dan Morataya
|
0-0: Swinging Strike 0-1: Ball 1-1: Ball Wild Pitch! Miguel Diaz to second 2-1: Foul Ball, location: 2F 2-2: Foul Ball, location: 2F 2-2: Ground out 6-3 (Groundball, 6D, EV 90.0 MPH)
|
Batting: LHB Chaim Huting
|
0-0: Called Strike 0-1: Foul Ball, location: 2F 0-2: Ball 1-2: Foul Ball, location: 2F 1-2: Ball 2-2: Ball 3-2: Fly out, F8 (Flyball, 8LM, EV 91.2 MPH)
|
Batting: RHB Manuel Juarez
|
0-0: Ball 1-0: Called Strike 1-1: Ball 2-1: Foul Ball, location: 2F 2-2: Strikes out swinging
|
Bottom of the 3rd over - 2 runs, 2 hits, 0 errors, 1 left on base; Detroit (WIN) 0 - Minnesota (WIN) 4 |
TOP OF THE 4TH |
Detroit (WIN) Tigers batting - Pitching for Minnesota (WIN) Twins : RHP Brad Harth
|
Batting: RHB Keith Hoffman
|
0-0: Ground out 4-3 (Groundball, 4, EV 101.2 MPH)
|
Batting: SHB Adam Weber
|
0-0: Called Strike 0-1: Called Strike 0-2: Ball 1-2: Ball 2-2: Foul Ball, location: 2F 2-2: Ball 3-2: Base on Balls
|
Batting: RHB J.J. Basil
|
0-0: Ball 1-0: Foul Ball, location: 2F 1-1: Called Strike 1-2: Strikes out looking and he ARGUES THE CALL AND IS TOSSED!
|
Batting: LHB Dave Carlisle
|
0-0: Ball Adam Weber is caught stealing 2nd base 2-6
|
Top of the 4th over - 0 runs, 0 hits, 0 errors, 0 left on base; Detroit (WIN) 0 - Minnesota (WIN) 4 |
BOTTOM OF THE 4TH |
Minnesota (WIN) Twins batting - Pitching for Detroit (WIN) Tigers : RHP Dale Gilbert
|
Batting: RHB Cyril Husson
|
0-0: Ball 1-0: Fly out, F9 (Line Drive, 9, EV 101.9 MPH)
|
Batting: LHB Israel Montoya
|
0-0: Ball 1-0: Ball 2-0: Fly out, F5 (Popup, 56S, EV 68.1 MPH)
|
Batting: RHB Jose Nunez
|
0-0: Called Strike 0-1: Foul Ball, location: 2F 0-2: Ball 1-2: Ball 2-2: Ball 3-2: Foul Ball, location: 2F 3-2: Base on Balls
|
Batting: RHB Jesse Scott
|
0-0: Ball 1-0: Fly out, F7 (Flyball, 7D, EV 93.8 MPH)
|
Bottom of the 4th over - 0 runs, 0 hits, 0 errors, 1 left on base; Detroit (WIN) 0 - Minnesota (WIN) 4 |
TOP OF THE 5TH |
Detroit (WIN) Tigers batting - Pitching for Minnesota (WIN) Twins : RHP Brad Harth
|
Batting: LHB Dave Carlisle
|
0-0: Foul Ball, location: 2F 0-1: Foul Ball, location: 2F 0-2: Foul Ball, location: 2F 0-2: Ball 1-2: Foul Ball, location: 2F 1-2: Strikes out swinging
|
Batting: RHB Dan Becvar
|
0-0: Ball 1-0: Swinging Strike 1-1: Called Strike 1-2: Fly out, F8 (Flyball, 8LD, EV 86.9 MPH)
|
Batting: RHB Tanner Purchase
|
0-0: Foul Ball, location: 2F 0-1: SINGLE (Groundball, 56D, EV 95.0 MPH)
|
Batting: RHB Norm Wood
|
0-0: Foul Ball, location: 2F 0-1: Ball 1-1: Called Strike 1-2: TRIPLE (Line Drive, 8LXD, EV 112.5 MPH) Tanner Purchase scores
|
Batting: RHB Yasutaka Yamasaki
|
0-0: Swinging Strike 0-1: Swinging Strike 0-2: Foul Ball, location: 2F 0-2: Ball 1-2: Strikes out looking
|
Top of the 5th over - 1 run, 2 hits, 0 errors, 1 left on base; Detroit (WIN) 1 - Minnesota (WIN) 4 |
BOTTOM OF THE 5TH |
Minnesota (WIN) Twins batting - Pitching for Detroit (WIN) Tigers : RHP Dale Gilbert
|
Batting: RHB J.J. Powers
|
0-0: Foul Ball, location: 2F 0-1: Ground out 4-3 (Groundball, 4, EV 86.9 MPH)
|
Batting: RHB Miguel Diaz
|
0-0: Ball 1-0: Fly out, F8 (Flyball, 8RD, EV 98.1 MPH)
|
Batting: SHB Dan Morataya
|
0-0: Ball 1-0: Swinging Strike 1-1: Foul Ball, location: 2F 1-2: Ball 2-2: Foul Ball, location: 2F 2-2: Foul Ball, location: 2F 2-2: Fly out, F6 (Popup, 15, EV 76.9 MPH)
|
Bottom of the 5th over - 0 runs, 0 hits, 0 errors, 0 left on base; Detroit (WIN) 1 - Minnesota (WIN) 4 |
TOP OF THE 6TH |
Detroit (WIN) Tigers batting - Pitching for Minnesota (WIN) Twins : RHP Brad Harth
|
Batting: LHB Bill Ford
|
0-0: Ball 1-0: Called Strike 1-1: Foul Ball, location: 2F 1-2: Ball 2-2: Strikes out swinging
|
Batting: RHB Keith Hoffman
|
0-0: Swinging Strike 0-1: Ball 1-1: Ball 2-1: Foul Ball, location: 2F 2-2: Foul Ball, location: 2F 2-2: Ball 3-2: Fly out, F4 (Popup, 4, EV 55.0 MPH)
|
Batting: SHB Adam Weber
|
0-0: Ball 1-0: Ball 2-0: Called Strike 2-1: Ball 3-1: Foul Ball, location: 2F 3-2: Base on Balls
|
Pitching: LHP Kazuo Nishihara
|
|
Batting: LHB Jon Frederick
|
0-0: Called Strike Adam Weber is caught stealing 2nd base 2-6
|
Top of the 6th over - 0 runs, 0 hits, 0 errors, 0 left on base; Detroit (WIN) 1 - Minnesota (WIN) 4 |
BOTTOM OF THE 6TH |
Minnesota (WIN) Twins batting - Pitching for Detroit (WIN) Tigers : RHP Dale Gilbert
|
Batting: LHB Chaim Huting
|
0-0: Ball 1-0: Swinging Strike 1-1: Ground out 3-1 (Groundball, 34, EV 107.5 MPH)
|
Batting: RHB Manuel Juarez
|
0-0: Called Strike 0-1: Called Strike 0-2: Ball 1-2: Foul Ball, location: 2F 1-2: Foul Ball, location: 2F 1-2: Ball 2-2: Ball 3-2: Strikes out looking
|
Pitching: RHP Bryan Hallman
|
|
Batting: RHB Cyril Husson
|
0-0: Ball 1-0: Ball 2-0: DOUBLE (Line Drive, 7LD, EV 105.0 MPH)
|
Batting: LHB Israel Montoya
|
0-0: Intentional Walk
|
Batting: RHB Jose Nunez
|
0-0: Ball 1-0: Called Strike 1-1: Hit by Pitch Cyril Husson to third Israel Montoya to second
|
Batting: RHB Jesse Scott
|
0-0: Called Strike 0-1: Ball 1-1: Foul Ball, location: 2F 1-2: Ball 2-2: Ball 3-2: Fly out, F5 (Popup, 5, EV 80.0 MPH)
|
Bottom of the 6th over - 0 runs, 1 hit, 0 errors, 3 left on base; Detroit (WIN) 1 - Minnesota (WIN) 4 |
TOP OF THE 7TH |
Detroit (WIN) Tigers batting - Pitching for Minnesota (WIN) Twins : LHP Kazuo Nishihara
|
Batting: LHB Jon Frederick
|
0-0: Foul Ball, location: 2F 0-1: Ball 1-1: Called Strike 1-2: Ball 2-2: Foul Ball, location: 2F 2-2: Foul Ball, location: 2F 2-2: Strikes out looking
|
Batting: LHB Dave Carlisle
|
0-0: Ground out 5-3 (Groundball, 5, EV 88.8 MPH)
|
Batting: RHB Dan Becvar
|
0-0: Ball 1-0: SINGLE (Groundball, 56D, EV 108.1 MPH)
|
Batting: RHB Tanner Purchase
|
0-0: Fly out, F8 (Flyball, 8RD, EV 96.9 MPH)
|
Top of the 7th over - 0 runs, 1 hit, 0 errors, 1 left on base; Detroit (WIN) 1 - Minnesota (WIN) 4 |
BOTTOM OF THE 7TH |
Minnesota (WIN) Twins batting - Pitching for Detroit (WIN) Tigers : RHP Bryan Hallman
|
Batting: RHB J.J. Powers
|
0-0: SINGLE (Line Drive, 7S, EV 98.1 MPH)
|
Batting: RHB Miguel Diaz
|
0-0: Ball 1-0: Foul Ball, location: 2F 1-1: Called Strike 1-2: Fly out, F8 (Flyball, 8LD, EV 81.9 MPH)
|
Batting: SHB Dan Morataya
|
0-0: Ball 1-0: Called Strike J.J. Powers steals 2nd base 1-1: Ball 2-1: SINGLE (Flyball, 78S, EV 91.2 MPH) J.J. Powers to third Runner from 3rd tries for Home, SAFE, throw by LF to home
|
Batting: LHB Chaim Huting
|
0-0: Ball Balk! Dan Morataya to second 1-0: Intentional Walk
|
Batting: RHB Manuel Juarez
|
0-0: Ball 1-0: DOUBLE (Line Drive, 7LM, EV 104.4 MPH) Dan Morataya scores Chaim Huting to third
|
Batting: RHB Cyril Husson
|
0-0: Called Strike 0-1: Ball 1-1: Swinging Strike 1-2: Foul Ball, location: 2F 1-2: Ground out 6-3 (Groundball, 56, EV 87.5 MPH) Chaim Huting scores
|
Batting: LHB Israel Montoya
|
0-0: Ball 1-0: Called Strike 1-1: Foul Ball, location: 2F 1-2: Strikes out swinging
|
Bottom of the 7th over - 3 runs, 3 hits, 0 errors, 1 left on base; Detroit (WIN) 1 - Minnesota (WIN) 7 |
TOP OF THE 8TH |
Detroit (WIN) Tigers batting - Pitching for Minnesota (WIN) Twins : LHP Kazuo Nishihara
|
Batting: RHB Norm Wood
|
0-0: Called Strike 0-1: Ball 1-1: Foul Ball, location: 2F 1-2: Ball 2-2: Fly out, F8 (Flyball, 8LS, EV 78.8 MPH)
|
Batting: RHB Yasutaka Yamasaki
|
0-0: Swinging Strike 0-1: Foul Ball, location: 2F 0-2: Foul Ball, location: 2F 0-2: Strikes out swinging
|
Batting: LHB Bill Ford
|
0-0: Ball 1-0: Foul Ball, location: 2F 1-1: Called Strike 1-2: Strikes out swinging
|
Top of the 8th over - 0 runs, 0 hits, 0 errors, 0 left on base; Detroit (WIN) 1 - Minnesota (WIN) 7 |
BOTTOM OF THE 8TH |
Minnesota (WIN) Twins batting - Pitching for Detroit (WIN) Tigers : RHP Bryan Hallman
|
Batting: RHB Jose Nunez
|
0-0: Ball 1-0: Ground out 6-3 (Groundball, 6D, EV 85.0 MPH)
|
Batting: RHB Jesse Scott
|
0-0: Ball 1-0: Foul Ball, location: 2F 1-1: Swinging Strike 1-2: Ball 2-2: SINGLE (Line Drive, 6MD, EV 95.0 MPH)
|
Batting: RHB J.J. Powers
|
0-0: Foul Ball, location: 2F 0-1: Foul Ball, location: 2F 0-2: Ball Jesse Scott steals 2nd base (no throw) 1-2: Fly out, F7 (Line Drive, 7, EV 94.4 MPH)
|
Batting: RHB Miguel Diaz
|
0-0: Ball Passed Ball! Jesse Scott to third 1-0: Foul Ball, location: 2F 1-1: Ball 2-1: Ball 3-1: SINGLE (Line Drive, 7S, EV 101.9 MPH) Jesse Scott scores
|
Batting: SHB Dan Morataya
|
0-0: Foul Ball, location: 2F 0-1: Ball 1-1: Foul Ball, location: 2F 1-2: Ball 2-2: Fly out, F8 (Flyball, 8RD, EV 80.6 MPH)
|
Bottom of the 8th over - 1 run, 2 hits, 0 errors, 1 left on base; Detroit (WIN) 1 - Minnesota (WIN) 8 |
TOP OF THE 9TH |
Detroit (WIN) Tigers batting - Pitching for Minnesota (WIN) Twins : LHP Kazuo Nishihara
|
Batting: RHB Keith Hoffman
|
0-0: Called Strike 0-1: SINGLE (Groundball, 56D, EV 103.1 MPH)
|
Pinch Hitting: SHB Sean Foley
|
0-0: Ball 1-0: Foul Ball, location: 2F 1-1: Swinging Strike 1-2: Strikes out swinging
|
Batting: LHB Jon Frederick
|
0-0: Called Strike 0-1: Foul Ball, location: 2F 0-2: Ball 1-2: Ball 2-2: Foul Ball, location: 2F 2-2: Grounds into double play, 4-6-3 (Groundball, 4D, EV 108.1 MPH)
|
Top of the 9th over - 0 runs, 1 hit, 0 errors, 0 left on base; Detroit (WIN) 1 - Minnesota (WIN) 8 |
|